 Dungeon Crawl Stone Soup version 0.24-a0-789-g35933f4585 (webtiles) character file.

Game seed: 15649235054171961268, levelgen mode: deterministic

3686 Kohma the Summoner (level 10, -2/63 HPs)
             Began as a Merfolk Summoner on Oct 10, 2019.
             Was an Initiate of Gozag.
             Slain by a porcupine (10 damage)
             ... on level 9 of the Dungeon.
             The game lasted 00:38:46 (9374 turns).

Kohma the Summoner (Merfolk Summoner)               Turns: 9374, Time: 00:38:47

Health: -2/63      AC: 12    Str: 10    XL:     10   Next: 13%
Magic:  6/19       EV: 15    Int: 16    God:    Gozag
Gold:   1330       SH:  0    Dex: 15    Spells: 11/21 levels left

rFire    . . .     SeeInvis .   m - +2 spear (venom)
rCold    + . .     Gourm    .   (no shield)
rNeg     + . .     Faith    .   A - +2 ring mail {rC+}
rPois    .         Spirit   .   h - +0 helmet
rElec    .         Reflect  .   i - +2 cloak
rCorr    .         Harm     .   w - +0 pair of gloves
MR       .....                  (no boots)
Stlth    ++........             (no amulet)
HPRegen  0.20/turn              N - ring of positive energy
MPRegen  0.16/turn              C - ring of stealth

@: about to teleport, gold aura
A: change form in water, swift swim, stealthy swim
a: Potion Petition, Call Merchant, Bribe Branch, Renounce Religion


You were on level 9 of the Dungeon.
You worshipped Gozag.
Gozag was most pleased with you.
You were very hungry.

You visited 2 branches of the dungeon, and saw 10 of its levels.
You also visited: Sewer.

You collected 1766 gold pieces.
You spent 413 gold pieces at shops.
You paid 23 gold pieces to Gozag.

Inventory:

Hand Weapons
 m - a +2 spear of venom (weapon)
 r - a +0 glaive
 u - a +0 hand crossbow of flaming
Missiles
 b - 19 poisoned darts (quivered)
 d - 186 stones
 v - 117 bolts
Armour
 h - a +0 helmet (worn)
 i - a +2 cloak (worn)
 w - a +0 pair of gloves (worn)
 A - a +2 ring mail of cold resistance (worn)
 O - a scarf of spirit shield
Jewellery
 C - a ring of stealth (right hand)
 I - an uncursed ring of flight
 N - a ring of positive energy (left hand)
Wands
 y - a wand of iceblast (9)
 B - a wand of paralysis (4)
 D - a wand of flame (30)
 G - a wand of acid (4)
 H - a wand of digging (7)
 M - a wand of random effects (23)
Scrolls
 a - 3 scrolls of remove curse
 e - 5 scrolls of magic mapping
 f - 6 scrolls of teleportation
 g - 5 scrolls of enchant weapon
 E - 2 scrolls of enchant armour
 F - a scroll of amnesia
 J - a scroll of immolation
Potions
 j - 6 potions of curing
 k - 4 potions of agility
 l - a potion of degeneration {unknown}
 n - 3 potions of flight
 o - 2 potions of mutation
 p - a potion of resistance {unknown}
 q - 4 potions of haste
 s - 5 potions of heal wounds
 t - 4 potions of might
 x - 2 potions of brilliance
 z - a potion of cancellation
 K - a potion of lignification {unknown}
Comestibles
 c - 3 rations


   Skills:
 + Level 8.9 Polearms
 + Level 8.8 Dodging
 - Level 2.1 Stealth
 - Level 6.0 Spellcasting
 + Level 9.4 Summonings
 * Level 2.4 Air Magic


You had 11 spell levels left.
You knew the following spells:

 Your Spells              Type           Power        Failure   Level  Hunger
a - Summon Small Mammal   Summ           ####         1%          1    None
b - Call Imp              Summ           #####...     1%          2    #......
c - Call Canine Familiar  Summ           #####...     2%          3    ##.....
d - Summon Lightning Spi  Summ/Air       ###.....     30%         4    ####...

Your spell library contained the following spells:

 Spells                   Type           Power        Failure   Level  Hunger
 Summon Guardian Golem    Hex/Summ       ###.....     16%         3    ##.....
 Summon Ice Beast         Ice/Summ       ###.....     45%         4    ####...


Dungeon Overview and Level Annotations

Branches:
Dungeon (9/15)             Temple (1/1) D:5            Lair (0/6) D:9
  Sewer (visited)
    Orc: D:9-12

Altars:
Ashenzari
Cheibriados
Dithmenos
Elyvilon
Fedhas
Gozag
Kikubaaqudgha
Makhleb
Nemelex Xobeh
Okawaru
Qazlal
Sif Muna
Trog
Uskayaw
Vehumet
Wu Jian
Xom
Yredelemnul
Zin
The Shining One
Beogh

Shops:
D:4 ?   D:7 *

Annotations:
D:8 2 transporters


Message History

Your hound dies!
Your hound's corpse disappears in a puff of smoke!
The crocodile bites the plant!
The porcupine bites the fungus!
The yak gores the plant.
The worker ant bites the fungus.
The crocodile bites the plant.
Unknown command.
You are struck by the porcupine's spines.
You hit the porcupine.
The porcupine is lightly wounded.
The porcupine bites the plant but does no damage.
The worker ant bites the plant.
The porcupine bites you!
* * * LOW HITPOINT WARNING * * *
The crocodile bites the plant!
The plant is destroyed!
You can't go up here!
As you read the scroll of teleportation, it crumbles to dust.
You feel strangely unstable.
The porcupine bites the plant.
The worker ant bites the fungus.
The porcupine bites you!
You die...
Your body crumbles into a pile of gold.

......PPP...
#.#...PP.PPP>P
....P.PPtPP..
.....Pr....P
#....PPaP.P.
#.....PPP..P
#..JP..P..PP
#ttF#...P.PP
#@r.$Y...PPP
#...##..P...
........[P..P..
................
...........>.....
######.........#.
#...###### #...#


You could see a yak, 3 crocodiles, a bullfrog, 2 porcupines, a jelly and a
worker ant.

Vanquished Creatures
  A two-headed ogre (D:8)
  Joseph (D:8)
  Prince Ribbit (D:7)
  A wyvern (D:8)
  A porcupine (D:9)
  An orc warrior (D:7)
  A sky beast (D:9)
  2 ice beasts
  3 ogres
  A centaur (D:8)
  3 big kobolds (Sewer)
  A bullfrog (D:8)
  A wyvern skeleton (D:7)
  2 wights (D:7)
  A howler monkey (D:7)
  A centaur zombie (D:5)
  4 crimson imps
  5 hounds
  4 orc wizards
  4 worker ants
  2 iguanas
  Ijyb (D:3)
  A killer bee zombie (D:7)
  A howler monkey zombie (D:8)
  A worker ant zombie (D:7)
  6 gnolls
  2 howler monkey skeletons
  13 adders
  5 shadow imps
  A white imp (D:4)
  A worm (D:2)
  A dart slug (D:3)
  2 leopard geckos
  14 orcs
  2 ball pythons (Sewer)
  6 giant cockroaches
  9 goblins
  6 hobgoblins
  8 jackals
  9 kobolds
  3 quokkas
  8 bats
  6 frilled lizards
  A jackal skeleton (D:4)
  2 quokka zombies
  8 rats
158 creatures vanquished.

Vanquished Creatures (collateral kills)
  The ghost of mora the Firebug, an amateur DEFE (D:3)
  A porcupine (D:9)
  An ice beast (D:8)
  2 big kobolds (Sewer)
  A wyvern zombie (D:8)
  A scorpion (D:9)
  3 wights (D:7)
  A howler monkey (D:7)
  An orc priest (D:7)
  A centaur skeleton (D:5)
  3 hounds
  Crazy Yiuf (D:3)
  A hound zombie (D:7)
  7 gnolls
  An adder (D:6)
  2 river rats (D:3)
  An ooze (Sewer)
  A worm (D:2)
  2 dart slugs
  2 leopard geckos
  9 orcs
  7 bats
  4 giant cockroaches
  A hobgoblin (D:1)
  5 jackals
  3 frilled lizards
  8 kobolds
  4 rats
75 creatures vanquished.

Vanquished Creatures (others)
  2 fungi (D:9)
  A plant (D:9)
3 creatures vanquished.

Grand Total: 236 creatures vanquished

Notes
Turn   | Place    | Note
-------+----------+-------------------------------------------
     0 | D:1      | Kohma the Merfolk Summoner began the quest for the Orb.
     0 | D:1      | Reached XP level 1. HP: 13/13 MP: 3/3
   616 | D:1      | Reached XP level 2. HP: 19/19 MP: 5/5
   945 | D:1      | Learned a level 2 spell: Call Imp
  1249 | D:2      | Found an opulent altar of Gozag.
  1249 | D:2      | Found a sparkling altar of Nemelex Xobeh.
  1258 | D:2      | Became a worshipper of Gozag Ym Sagoz the Greedy
  1299 | D:2      | Reached XP level 3. HP: 24/24 MP: 1/6
  1303 | D:2      | Reached skill level 1 in Polearms
  1457 | D:2      | Reached XP level 4. HP: 24/30 MP: 5/7
  1893 | D:3      | Learned a level 3 spell: Call Canine Familiar
  1937 | D:3      | Reached skill level 5 in Summonings
  2003 | D:3      | Found a glowing drain.
  2011 | D:3      | Reached XP level 5. HP: 35/35 MP: 3/9
  2032 | Sewer    | Entered a sewer
  2178 | Sewer    | Noticed a big kobold
  2185 | Sewer    | Killed a big kobold
  2226 | Sewer    | Noticed a big kobold
  2226 | Sewer    | Noticed a big kobold
  2237 | Sewer    | Killed a big kobold
  2237 | Sewer    | Reached XP level 6. HP: 36/41 MP: 5/10
  2659 | D:3      | Noticed Ijyb
  2672 | D:3      | Killed Ijyb
  2672 | D:3      | Reached skill level 6 in Summonings
  2754 | D:3      | Found a burning altar of Makhleb.
  2768 | D:3      | Reached skill level 5 in Dodging
  2768 | D:3      | Reached XP level 7. HP: 42/46 MP: 12/12
  2857 | D:3      | Found a burning altar of Makhleb.
  2899 | D:3      | Found a runed translucent gate.
  2899 | D:3      | Noticed mora's ghost (amateur DEFE)
  2925 | D:3      | Found a runed translucent gate.
  2925 | D:3      | Found a runed translucent gate.
  2930 | D:3      | Found a roughly hewn altar of Beogh.
  2952 | D:3      | Killed mora's ghost
  2977 | D:3      | Learned a level 4 spell: Summon Lightning Spire
  3228 | D:3      | Found a runed translucent door.
  3229 | D:3      | Noticed Crazy Yiuf
  3248 | D:3      | Killed Crazy Yiuf
  3545 | D:4      | Reached skill level 5 in Polearms
  3801 | D:4      | Found a basalt altar of Yredelemnul.
  3970 | D:4      | Found Feoleh's Magic Scroll Boutique.
  3975 | D:4      | Bought a scroll of magic mapping for 49 gold pieces
  3975 | D:4      | Bought a scroll of noise for 14 gold pieces
  3975 | D:4      | Bought a scroll of teleportation for 42 gold pieces
  3975 | D:4      | Bought a scroll of amnesia for 49 gold pieces
  3975 | D:4      | Bought a scroll of identify for 28 gold pieces
  3975 | D:4      | Bought a scroll of identify for 28 gold pieces
  3975 | D:4      | Bought a scroll of teleportation for 42 gold pieces
  3975 | D:4      | Bought a scroll of enchant weapon for 105 gold pieces
  4270 | D:5      | Entered Level 5 of the Dungeon
  4354 | D:5      | Reached XP level 8. HP: 49/52 MP: 14/14
  4370 | D:5      | Found a staircase to the Ecumenical Temple.
  4377 | Temple   | Entered the Ecumenical Temple
  4674 | D:5      | Found an iron altar of Okawaru.
  4875 | D:5      | Reached skill level 7 in Summonings
  6208 | D:6      | Found a shimmering blue altar of Sif Muna.
  6546 | D:7      | Found Waeh's Elemental Accessories.
  6618 | D:7      | HP: 1/52 [orc priest/divine providence (14)]
  6634 | D:7      | Reached skill level 5 in Spellcasting
  6666 | D:7      | Reached XP level 9. HP: 20/57 MP: 1/16
  6984 | D:7      | Reached skill level 8 in Summonings
  7003 | D:7      | Noticed Prince Ribbit
  7144 | D:7      | Killed Prince Ribbit
  7715 | D:4      | Bought a scroll of identify for 28 gold pieces
  7715 | D:4      | Bought a scroll of identify for 28 gold pieces
  7844 | D:8      | Found a glowing golden altar of the Shining One.
  8037 | D:8      | Found a bloodstained altar of Trog.
  8159 | D:8      | Noticed a two-headed ogre
  8206 | D:8      | Killed a two-headed ogre
  8206 | D:8      | Reached skill level 9 in Summonings
  8369 | D:8      | Noticed Joseph
  8389 | D:8      | Killed Joseph
  8389 | D:8      | Reached skill level 1 in Air Magic
  8496 | D:8      | Found a shimmering altar of Xom.
  8515 | D:8      | Reached XP level 10. HP: 47/63 MP: 14/19
  8624 | D:8      | Found a transporter.
  8624 | D:8      | Noticed an orc knight
  8657 | D:8      | Found a transporter.
  9344 | D:9      | Found a staircase to the Lair.
  9374 | D:9      | Slain by a porcupine

Levels and vault maps discovered:
D:1:      nzn_arrival_crosshair, layout_loops_ring, supply_closet_lemuel,
          minmay_misc_feat_enclosed, st_stairs_12
D:2:      layout_rooms, grunt_temple_overflow_opulence, first_ration
D:3:      layout_rooms, makhleb_grotto_becter, portal_sewer_entry_b,
          biasface_ghost_orc_armoury, makhleb_heckhound_becter, uniq_ijyb,
          uniq_crazy_yiuf_cottage
D:4:      layout_cave_pools, lemuel_crystal_altar, serial_shops, shop_fountains,
          minmay_misc_feat_nine_boxes, nrook_mini_backslash,
          minmay_fire_ice_demons
D:5:      layout_loops_corners, kennysheep_okawaru_gauntlet,
          minmay_temple_entry_arrows
D:6:      layout_loops_ring, kennysheep_little_box
D:7:      layout_basic, fountainhead, nicolae_elemental_shop,
          uniq_prince_ribbit1
D:8:      gammafunk_sealed_arena, layout_loops_ring, xom_teletrap_fun,
          lemuel_crystal_altar, old_standard_altar, uniq_joseph
D:9:      layout_loops_cross, lemuel_round_altar,
          nicolae_overflow_crystal_walls, due_lair_maze_entry_diamond,
          hangedman_pestilent_swarm, minmay_crystal_water, uniq_harold
Temple:   jpeg_temple_clearing

Skill      XL: |  1  2  3  4  5  6  7  8  9 10 |
---------------+-------------------------------+-----
Dodging        | 3 4 5 7 8 |  8.8
Polearms       | 1 2 3 4 5 6 8 |  8.9
Summonings     | 5 6 7 9 |  9.4
Spellcasting   | 3 4 5 6 |  6.0
Air Magic      | 1 2 |  2.4
Stealth        | |  2.1

Action                   |  1- 3 |  4- 6 |  7- 9 | 10-12 || total
-------------------------+-------+-------+-------+-------++-------
Melee: Club              |    20 |       |       |       ||    20
       Mace              |    11 |       |       |       ||    11
       Spear             |    29 |   108 |   332 |    43 ||   512
       Halberd           |       |       |   147 |       ||   147
Throw: Dart              |    25 |       |     2 |       ||    27
 Cast: Summon Small Mamm |     9 |       |       |       ||     9
       Call Imp          |     7 |    14 |    51 |     6 ||    78
       Call Canine Famil |       |     8 |    34 |     2 ||    44
  Use: Potion            |       |     1 |     4 |       ||     5
       Scroll            |       |       |    16 |     2 ||    18
 Stab: Sleeping          |     1 |     1 |    10 |       ||    12
       Distracted        |       |     2 |     8 |       ||    10
  Eat: Chunk             |     2 |       |       |       ||     2
       Ration            |       |     2 |     6 |     1 ||     9
Armor: Robe              |    13 |    18 |       |       ||    31
       Ring mail         |       |     2 |   107 |     9 ||   118
Dodge: Dodged            |    51 |    57 |   249 |    24 ||   381

Table legend:
 A = Non-vault XP
 B = Vault XP
 C = Vault XP percentage of total XP
 D = Non-vault monster count
 E = Vault monster count
 F = Vault count percentage of total count
                 A         B        C        D         E       F
            +---------+---------+-------+---------+---------+-------
      Total |    3667 |    1600 |  30.4 |     180 |      53 |  22.7
            +---------+---------+-------+---------+---------+-------
        D:1 |      18 |       3 |  14.3 |      12 |       2 |  14.3
        D:2 |      78 |       0 |   0.0 |      31 |       0 |   0.0
        D:3 |      66 |     246 |  78.8 |      28 |      18 |  39.1
        D:4 |     281 |      55 |  16.4 |      17 |       2 |  10.5
        D:5 |     536 |       4 |   0.7 |      21 |       2 |   8.7
        D:6 |     362 |       0 |   0.0 |      23 |       0 |   0.0
        D:7 |     958 |     231 |  19.4 |      35 |       1 |   2.8
        D:8 |    1280 |     329 |  20.4 |      11 |       1 |   8.3
        D:9 |      76 |     330 |  81.3 |       1 |       3 |  75.0
     Temple |      12 |       0 |   0.0 |       1 |       0 |   0.0
      Sewer |       0 |     402 | 100.0 |       0 |      24 | 100.0
            +---------+---------+-------+---------+---------+-------
